[Event "Titled Tuesday Blitz January 31 Early 2023"]
[White "Womacka, Mathias"]
[Black "Babikov, Ivan"]
[WhiteFideId "4611390"]
[BlackFideId "4161106"]
[WhiteElo "2396"]
[BlackElo "2239"]
[Result "1-0"]
[Round "06"]
[TimeControl "180+2"]
[Date "2023.01.31"]
[WhiteClock "0:00:03"]
[BlackClock "0:00:02"]

1. e4 c5 2. Nf3 Nf6 3. Nc3 d5 4. exd5 Nxd5 5. Bb5+ Bd7 6. Ne5 Nf6 7. Nxd7 Nbxd7 8. d4 e6 9. O-O Be7 10. dxc5 Bxc5 11. Bg5 O-O 12. Qf3 Ne5 13. Qh3 h6 14. Rad1 Qe7 15. Bf4 Ng6 16. Bc1 Rfd8 17. Qf3 a6 18. Ba4 Ne5 19. Qe2 Neg4 20. h3 Nxf2 21. Rxf2 Bxf2+ 22. Qxf2 Rxd1+ 23. Nxd1 Rd8 24. Nc3 b5 25. Bb3 b4 26. Ne2 Rd1+ 27. Kh2 Ne4 28. Qf4 Nf6 29. c3 e5 30. Qxb4 Qxb4 31. cxb4 Re1 32. Bc4 Ne4 33. Bxa6 Nf2 34. Be3 Nd1 35. Bc5 Nxb2 36. Nc3 Rc1 37. Nd5 Na4 38. Bd6 Rb1 39. Bxe5 f6 40. Bd6 Rb2 41. Bc4 Kh7 42. b5 Rb1 43. Bc7 Rc1 44. Ne3 Rc3 45. b6 Rxe3 46. b7 Re8 47. b8=Q Rxb8 48. Bxb8 Nb6 49. Bb3 Nd7 50. Bc7 Nc5 51. Bc4 Nb7 52. a4 Nc5 53. a5 Kg6 54. Bb6 Nd7 55. Bd4 Nb8 56. a6 Nxa6 57. Bxa6 Kf5 58. Bd3+ Ke6 59. Kg3 Kf7 60. Bc3 g6 61. Kf4 f5 62. Ke5 Kg7 63. Ke6+ Kh7 64. Kf6 f4 65. Be4 h5 66. Bxg6+ Kh6 67. Bd2 h4 68. Bxf4# 1-0


[Site "https://www.chess.com"]

[Event "Titled Tuesday Blitz January 31 Early 2023"]
[White "Rangel, Daniel"]
[Black "Rengifo Blancas, Renzo Jhonathan"]
[WhiteFideId "2124475"]
[BlackFideId "3807185"]
[WhiteElo "2207"]
[BlackElo "2131"]
[Result "0-1"]
[Round "06"]
[TimeControl "180+2"]
[Date "2023.01.31"]
[WhiteClock "0:00:05"]
[BlackClock "0:00:02"]

1. c4 e6 2. g3 d5 3. Bg2 Nf6 4. Nf3 c5 5. O-O Be7 6. cxd5 exd5 7. d4 O-O 8. dxc5 Bxc5 9. b3 Ne4 10. Bb2 Nc6 11. Nc3 Be6 12. Rc1 Qa5 13. Na4 Be7 14. Nd4 Rac8 15. Nxe6 fxe6 16. Bh3 Ng5 17. Bg2 Bf6 18. Bxf6 Rxf6 19. Rc2 Rcf8 20. e3 Nf3+ 21. Bxf3 Rxf3 22. Nc5 Nb4 23. Nxe6 Nxc2 24. Nxf8 Nxe3 25. fxe3 Rxf8 26. Rxf8+ Kxf8 27. Qf3+ Kg8 28. Qf2 h6 29. Kg2 Qb4 30. Qc2 Qe7 31. Qc8+ Kh7 32. Qf5+ Kh8 33. Kf3 Qd8 34. Ke2 a6 35. Kd3 b5 36. Kd4 Qb6+ 37. Kd3 Qc5 38. Qe5 Qc6 39. Kd4 Qc2 40. Kxd5 Qxa2 41. Qe8+ Kh7 42. Qe4+ Kh8 43. Qd3 Qxh2 44. e4 Qh5+ 45. e5 Qe8 0-1


[Site "https://www.chess.com"]

[Event "Titled Tuesday Blitz January 31 Early 2023"]
[White "Pourkashiyan, Atousa"]
[Black "Vestby-Ellingsen, Mads"]
[WhiteFideId "12502014"]
[BlackFideId "1520857"]
[WhiteElo "2282"]
[BlackElo "2387"]
[Result "0-1"]
[Round "06"]
[TimeControl "180+2"]
[Date "2023.01.31"]
[WhiteClock "0:00:01"]
[BlackClock "0:01:03"]

1. e4 b6 2. d4 Bb7 3. Nf3 Bxe4 4. Nc3 Bb7 5. d5 Nf6 6. Bc4 e6 7. O-O Be7 8. Bf4 O-O 9. Re1 exd5 10. Nxd5 Nxd5 11. Bxd5 Bxd5 12. Qxd5 c6 13. Qe4 Bc5 14. Ng5 g6 15. Qf3 d5 16. Qh3 h5 17. Rad1 Qf6 18. Bc1 Bxf2+ 19. Kh1 Bxe1 20. Rxe1 Na6 21. g4 Rae8 22. Rg1 h4 23. Qxh4 Qh8 24. Qf2 Nc5 25. Bd2 Ne4 26. Nxe4 Rxe4 27. Rf1 Qh3 28. Bc3 d4 29. Bxd4 Qxg4 30. Bc3 Re2 31. Qg3 Qxg3 32. hxg3 Rd8 33. Rf4 Rd1+ 0-1


[Site "https://www.chess.com"]

[Event "Titled Tuesday Blitz January 31 Early 2023"]
[White "Golubev, Mikhail"]
[Black "Andreev, Konstantin"]
[WhiteFideId "14100983"]
[BlackFideId "24239305"]
[WhiteElo "2461"]
[BlackElo "2195"]
[Result "0-1"]
[Round "06"]
[TimeControl "180+2"]
[Date "2023.01.31"]
[WhiteClock "0:00:01"]
[BlackClock "0:00:01"]

1. e4 c5 2. Nf3 Nc6 3. Nc3 e6 4. d4 cxd4 5. Nxd4 Qc7 6. Be3 Nf6 7. Bd3 a6 8. O-O b5 9. Nxc6 Qxc6 10. a3 Bb7 11. Re1 b4 12. axb4 Bxb4 13. Bd2 O-O 14. Qf3 Rfe8 15. Qh3 d6 16. Rad1 e5 17. Nd5 Bxd2 18. Nxf6+ gxf6 19. Rxd2 Kg7 20. Qh4 Re6 21. Re3 Kh8 22. Rh3 Kg8 23. Qh6 f5 24. Rg3+ Rg6 25. exf5 Rxg3 26. fxg3 Qc5+ 27. Rf2 f6 28. Qxf6 e4 29. Qe7 Rf8 30. f6 Rf7 31. Qe8+ Rf8 32. f7+ Kg7 33. Qe7 Qd4 34. Qg5+ Kh8 35. Be2 e3 36. Qf6+ Qxf6 37. Rxf6 Kg7 38. Rxd6 Rxf7 39. Bf3 Bxf3 40. gxf3 Rxf3 41. Re6 Rf2 42. Rxe3 Rxc2 43. Rb3 Rc6 44. Rb7+ Kg6 45. Kg2 h6 46. h4 h5 47. Kf3 Kf5 48. Rb4 Kg6 49. Rd4 Rf6+ 50. Rf4 Rb6 0-1


[Site "https://www.chess.com"]

[Event "Titled Tuesday Blitz January 31 Early 2023"]
[White "Lorenzo De La Riva, Lazaro"]
[Black "Girya, Olga"]
[WhiteFideId "2268809"]
[BlackFideId "4195752"]
[WhiteElo "2404"]
[BlackElo "2402"]
[Result "1-0"]
[Round "06"]
[TimeControl "180+2"]
[Date "2023.01.31"]
[WhiteClock "0:01:25"]
[BlackClock "0:00:22"]

1. d4 d5 2. c4 c6 3. Nc3 Nf6 4. e3 g6 5. Bd2 Bg7 6. h3 O-O 7. Nf3 b6 8. cxd5 cxd5 9. Rc1 Bb7 10. Nb5 Nc6 11. Ne5 Nxe5 12. dxe5 Ne4 13. f4 a6 14. Nd4 Ng3 15. Rh2 Nxf1 16. Kxf1 Rc8 17. Bc3 Qd7 18. g4 Rc4 19. h4 f6 20. e6 Qd6 21. h5 Bc8 22. hxg6 hxg6 23. Qd3 Bxe6 24. Qxg6 Rfc8 25. Rh7 1-0


[Site "https://www.chess.com"]

[Event "Titled Tuesday Blitz January 31 Early 2023"]
[White "Sliwicki, Damian"]
[Black "Przybylski, Wojciech"]
[WhiteFideId "1127128"]
[BlackFideId "1117599"]
[WhiteElo "2158"]
[BlackElo "2321"]
[Result "0-1"]
[Round "06"]
[TimeControl "180+2"]
[Date "2023.01.31"]
[WhiteClock "0:00:01"]
[BlackClock "0:00:02"]

1. e4 c5 2. Nf3 e6 3. d4 cxd4 4. Nxd4 Nc6 5. Nc3 Qc7 6. g3 a6 7. Bg2 h5 8. O-O h4 9. Be3 hxg3 10. hxg3 b5 11. Re1 Bb7 12. Nd5 Qd6 13. Nf5 exf5 14. Bf4 Qc5 15. exf5+ Be7 16. b4 Qa7 17. f6 gxf6 18. Bd6 Ne5 19. Nc7+ Kf8 20. Nxa8 Qxa8 21. Bxe5 Bxg2 22. f3 Bxf3 23. Qd4 fxe5 24. Qxe5 Rh1+ 25. Kf2 Rh2+ 26. Kg1 Rh1+ 27. Kf2 Rh2+ 28. Kg1 Rg2+ 29. Kf1 Qd5 30. Qb8+ Kg7 31. Qf4 Bf6 32. Re3 Rh2 33. Rxf3 Rh1+ 34. Kg2 Rxa1 0-1


[Site "https://www.chess.com"]

[Event "Titled Tuesday Blitz January 31 Early 2023"]
[White "Mushini Ajay"]
[Black "Ongut, Tamas Gunes"]
[WhiteFideId "35066188"]
[BlackFideId "770280"]
[WhiteElo "2310"]
[BlackElo "2299"]
[Result "0-1"]
[Round "06"]
[TimeControl "180+2"]
[Date "2023.01.31"]
[WhiteClock "0:00:02"]
[BlackClock "0:00:49"]

1. e4 c5 2. d4 e6 3. c3 Nf6 4. e5 Nd5 5. Nf3 d6 6. Bd3 cxd4 7. cxd4 Nc6 8. O-O Be7 9. Nc3 O-O 10. Ne4 dxe5 11. dxe5 Ndb4 12. Bc4 Na5 13. Be2 b6 14. Bg5 Bxg5 15. Nfxg5 Qxd1 16. Rfxd1 Bb7 17. Nd6 Bd5 18. a3 Nbc6 19. f4 Nb3 20. Rab1 Ncd4 21. Bd3 h6 22. Nge4 Rfd8 23. Nc3 Bc6 24. Kf2 f5 25. Bc4 Kf8 26. Ne2 Nxe2 27. Kxe2 Nc5 28. b4 Ne4 29. Bxe6 Nc3+ 30. Kf2 Nxb1 31. Rxb1 g6 32. g4 fxg4 33. Bxg4 Bd7 34. Bf3 Rab8 35. Be4 Be8 36. Nxe8 Rxe8 37. Bxg6 Red8 38. Be4 Rd4 39. Ke3 Rc4 40. f5 Rd8 41. e6 Ke7 42. Rg1 Kf6 43. Rg6+ Ke5 44. e7 Rxe4+ 45. Kf3 Rf4+ 46. Ke3 Re4+ 47. Kf3 Rd3+ 48. Kf2 Kxf5 49. Rxh6 Rxe7 50. Rh5+ Kg4 51. Rh7 Rc7 52. Rxc7 Rxa3 53. Kg2 Ra2+ 54. Kg1 a5 55. bxa5 bxa5 56. Rc4+ Kf5 57. Rc5+ Ke4 58. Rc8 a4 59. Re8+ Kd5 60. Rd8+ Ke5 61. Re8+ Kd6 62. h4 a3 63. h5 Rb2 0-1


[Site "https://www.chess.com"]

[Event "Titled Tuesday Blitz January 31 Early 2023"]
[White "Ljukin, Sergei"]
[Black "Prieto Aranguren, Alain"]
[WhiteFideId "14102200"]
[BlackFideId "2268906"]
[WhiteElo "2362"]
[BlackElo "2258"]
[Result "1-0"]
[Round "06"]
[TimeControl "180+2"]
[Date "2023.01.31"]
[WhiteClock "0:00:26"]
[BlackClock "0:01:39"]

1. e4 c6 2. d4 d5 3. e5 Be6 4. Bd3 h5 5. f4 Qc8 6. Nd2 Bf5 7. Nb3 Nh6 8. Qxh5 Bxd3 9. cxd3 Qf5 10. Qxf5 Nxf5 11. Nf3 e6 12. g4 Nh4 13. Nxh4 Rxh4 14. h3 Na6 15. Be3 Be7 16. Bf2 Rh7 17. a3 Kd7 18. Kf1 Rah8 19. Kg2 Bh4 20. Bxh4 Rxh4 21. Nd2 Nc7 22. Nf3 R4h7 23. Ng5 Rh4 24. Nxf7 Rf8 25. Ng5 Rxf4 26. Kg3 Rxd4 27. Kxh4 Rxd3 28. Raf1 c5 29. Rf7+ Kc6 30. Re7 d4 31. Nxe6 Nd5 32. Rxg7 c4 33. Kg5 c3 34. bxc3 dxc3 35. Nf4 Nxf4 36. Kxf4 c2 37. Rc1 Rd2 38. e6 Kd6 39. Rd7+ 1-0


[Site "https://www.chess.com"]

[Event "Titled Tuesday Blitz January 31 Early 2023"]
[White "rikchessmx"]
[Black "Kochetov, Andrey"]
[BlackFideId "24130532"]
[WhiteElo "2329"]
[BlackElo "2165"]
[Result "0-1"]
[Round "06"]
[TimeControl "180+2"]
[Date "2023.01.31"]
[WhiteClock "0:01:31"]
[BlackClock "0:00:14"]

1. e4 d5 2. exd5 Qxd5 3. Nc3 Qa5 4. Bc4 c6 5. d3 Nf6 6. Qe2 Bf5 7. Bd2 Qc7 8. f4 Nbd7 9. h3 h5 10. Nf3 e6 11. Nh4 Bh7 12. O-O-O O-O-O 13. g4 Bd6 14. Rdf1 Nb6 15. Bb3 Nbd5 16. Ng2 Bb4 17. Ne4 Bxe4 18. dxe4 Bxd2+ 19. Qxd2 Nxe4 20. Qe2 Ng3 21. Qf3 Nxh1 22. Rxh1 hxg4 23. Qxg4 Rh6 24. a3 Rg6 25. Qf3 Qa5 26. f5 Rf6 27. Qg3 Rxf5 28. Qxg7 Rf2 29. Qg5 f6 30. Qg3 Qd2+ 31. Kb1 Rxg2 32. Qf3 Qf2 33. Qe4 Rg1+ 34. Rxg1 Qxg1+ 35. Ka2 Qg8 36. c4 Nc7 37. Qe3 Kb8 38. Qf4 f5 39. Qh4 Qh8 40. Qg3 Rd2 41. Bc2 Rxc2 42. Qb3 Rh2 43. c5 Qxh3 44. Qb4 Qh8 45. a4 Nd5 46. Qb3 Rxb2+ 47. Qxb2 Qxb2+ 48. Kxb2 Nc7 49. Kb3 Na6 50. Kc4 Kc7 51. Kd4 Kd7 52. Kc4 e5 53. a5 Ke6 54. Kd3 Kd5 55. Kc3 Nxc5 56. Kb4 Na6+ 57. Ka4 Kc5 58. Ka3 Kb5 59. Kb3 Kxa5 60. Kc3 Nc5 61. Kc4 Nd7 0-1


[Site "https://www.chess.com"]

[Event "Titled Tuesday Blitz January 31 Early 2023"]
[White "Zong, Davis"]
[Black "Hoffmann, Asa"]
[WhiteFideId "30903955"]
[BlackFideId "2001470"]
[WhiteElo "2151"]
[BlackElo "2185"]
[Result "0-1"]
[Round "06"]
[TimeControl "180+2"]
[Date "2023.01.31"]
[WhiteClock "0:00:30"]
[BlackClock "0:01:39"]

1. e4 d6 2. d4 Nf6 3. Nc3 c6 4. Bd3 e5 5. Nge2 Be7 6. O-O O-O 7. a4 Qc7 8. h3 a5 9. f4 Na6 10. fxe5 dxe5 11. Bg5 exd4 12. Nxd4 h6 13. Be3 Nb4 14. Bc4 Rd8 15. Qe2 Qe5 16. Nf5 Bc5 17. Bb3 Bxf5 18. Rxf5 Bxe3+ 19. Qxe3 Qd4 20. Qxd4 Rxd4 21. e5 Nfd5 22. Ne2 Rd2 23. Kf2 Nxc2 24. Rb1 Rxe2+ 25. Kxe2 Nd4+ 26. Kd3 Nxf5 0-1


[Site "https://www.chess.com"]

[Event "Titled Tuesday Blitz January 31 Early 2023"]
[White "Abdilkhair, Abilmansur"]
[Black "Bochnicka, Vladimir"]
[WhiteFideId "13716417"]
[BlackFideId "14943450"]
[WhiteElo "2268"]
[BlackElo "2327"]
[Result "1-0"]
[Round "06"]
[TimeControl "180+2"]
[Date "2023.01.31"]
[WhiteClock "0:00:49"]
[BlackClock "0:00:02"]

1. d4 Nf6 2. c4 g6 3. Nc3 Bg7 4. e4 d6 5. Nf3 O-O 6. h3 e5 7. d5 c6 8. Be3 a5 9. Nd2 Na6 10. Be2 Nd7 11. O-O f5 12. exf5 gxf5 13. f4 Kh8 14. Nf3 c5 15. Ng5 Qe7 16. Ne6 Rg8 17. Nxg7 Qxg7 18. Rf2 Nc7 19. Qc2 Qg3 20. Kh1 Nf6 21. Qd2 Bd7 22. Bf1 Rg6 23. Rf3 Qh4 24. fxe5 dxe5 25. Bxc5 Rag8 26. Qf2 Qh6 27. Bd6 Ng4 28. Qe2 Rxd6 29. c5 Rdg6 30. Re1 Qg7 31. d6 Ne6 32. Qd2 Bc6 33. Nd5 Nf6 34. Nxf6 Qxf6 35. Rf2 Nf4 36. Qc3 Rg3 37. Qxe5 Qxe5 38. Rxe5 Rxh3+ 39. Kg1 Rhg3 40. Rxf4 Bxg2 41. Kf2 Bxf1 42. Kxf1 Rd3 43. Rexf5 Rd2 44. Rf8 Rxb2 45. Rxg8+ Kxg8 46. Rd4 Rb1+ 47. Ke2 Rb2+ 48. Ke3 1-0


[Site "https://www.chess.com"]

[Event "Titled Tuesday Blitz January 31 Early 2023"]
[White "Mejia, Cherry Ann"]
[Black "Ramirez Allo, Eduardo"]
[WhiteFideId "5206880"]
[BlackFideId "2224178"]
[WhiteElo "1935"]
[BlackElo "2274"]
[Result "1-0"]
[Round "06"]
[TimeControl "180+2"]
[Date "2023.01.31"]
[WhiteClock "0:00:02"]
[BlackClock "0:00:01"]

1. e4 c5 2. Nc3 a6 3. g3 b5 4. Bg2 Bb7 5. Nge2 e6 6. O-O b4 7. Nb1 d5 8. exd5 Bxd5 9. d4 Nf6 10. c4 Bxg2 11. Kxg2 Nc6 12. dxc5 Bxc5 13. Bg5 Be7 14. Qc2 Qc7 15. Nd2 h6 16. Bxf6 Bxf6 17. Nf3 O-O 18. Rad1 Rfd8 19. Qe4 a5 20. b3 g6 21. h4 h5 22. Ned4 Nxd4 23. Nxd4 Bxd4 24. Rxd4 Rxd4 25. Qxa8+ Kg7 26. Rc1 Rd2 27. c5 Rxa2 28. Qe4 a4 29. bxa4 b3 30. c6 Qb6 31. Qe5+ f6 32. Qf4 b2 33. Rb1 Qxc6+ 34. Qf3 Qb6 35. Qc3 e5 36. a5 Rxa5 37. Rxb2 Qa6 38. Qc7+ Kh6 39. Rb7 g5 40. Qh7# 1-0


[Site "https://www.chess.com"]

[Event "Titled Tuesday Blitz January 31 Early 2023"]
[White "Llanos, Guillermo"]
[Black "Pavlidou, Ekaterini"]
[WhiteFideId "100358"]
[BlackFideId "4213262"]
[WhiteElo "2290"]
[BlackElo "2088"]
[Result "1-0"]
[Round "06"]
[TimeControl "180+2"]
[Date "2023.01.31"]
[WhiteClock "0:01:32"]
[BlackClock "0:01:34"]

1. Nf3 d5 2. e3 c5 3. b3 Nc6 4. Bb5 Nf6 5. Bb2 Qc7 6. Ne5 e6 7. O-O Bd7 8. Bxc6 Bxc6 9. f4 Be7 10. Nc3 Rg8 11. a4 a6 12. a5 O-O-O 13. d4 cxd4 14. Qxd4 Bd6 15. Na4 Kb8 16. Qb6 Rc8 17. Bd4 Bxa4 18. Qa7# 1-0


[Site "https://www.chess.com"]

[Event "Titled Tuesday Blitz January 31 Early 2023"]
[White "Nguyen Hong Nhung"]
[Black "Alfaro, William"]
[WhiteFideId "12412201"]
[BlackFideId "6100457"]
[WhiteElo "2003"]
[BlackElo "2134"]
[Result "1-0"]
[Round "06"]
[TimeControl "180+2"]
[Date "2023.01.31"]
[WhiteClock "0:00:57"]
[BlackClock "0:01:01"]

1. e4 c5 2. Nc3 a6 3. a4 b6 4. f4 Bb7 5. Nf3 e6 6. g3 g6 7. Bg2 Bg7 8. d3 Ne7 9. O-O O-O 10. Qe1 d5 11. g4 f5 12. exf5 exf5 13. Ng5 Qd6 14. Qe6+ Qxe6 15. Nxe6 Bxc3 16. bxc3 Rf6 17. Nc7 Ra7 18. Re1 Rf7 19. Rb1 Nd7 20. g5 Bc6 21. Ne6 Bxa4 22. Nd8 Rf8 23. Rxe7 Rxd8 24. Bxd5+ Kh8 25. Be3 Bxc2 26. Re1 a5 27. c4 a4 28. Bd2 Ne5 29. Rxa7 Rxd5 30. cxd5 Nf3+ 31. Kf2 Nxe1 32. Bc3+ 1-0


[Site "https://www.chess.com"]

[Event "Titled Tuesday Blitz January 31 Early 2023"]
[White "Alahakoon, Isuru"]
[Black "Turzo, Attila"]
[WhiteFideId "9900993"]
[BlackFideId "704954"]
[WhiteElo "1819"]
[BlackElo "2279"]
[Result "1-0"]
[Round "06"]
[TimeControl "180+2"]
[Date "2023.01.31"]
[WhiteClock "0:00:31"]
[BlackClock "0:00:01"]

1. Nf3 Nf6 2. d4 g6 3. Nc3 d5 4. Bf4 Bg7 5. e3 O-O 6. h4 h5 7. Be2 c5 8. Nb5 Na6 9. c3 Qb6 10. a4 Bd7 11. Ne5 cxd4 12. exd4 Bf5 13. g4 hxg4 14. Nxg4 Nxg4 15. Bxg4 Qe6+ 16. Be2 Bg4 17. Be5 Bxe2 18. Qxe2 Bxe5 19. dxe5 Kg7 20. Nd4 Qc8 21. h5 Rh8 22. O-O-O Nc5 23. hxg6 fxg6 24. e6 Ne4 25. f3 Nf6 26. Qg2 Qg8 27. Rxh8 Qxh8 28. Rh1 Nh5 29. Rg1 Qh6+ 30. Kb1 Rf8 31. Qh2 Kh7 32. Qc7 Qg7 33. Qxb7 Nf4 34. Rh1+ Kg8 35. Nc6 Re8 36. Qd7 Kf8 37. Qxa7 Qf6 38. Qd4 Nxe6 39. Rh8+ 1-0


[Site "https://www.chess.com"]

[Event "Titled Tuesday Blitz January 31 Early 2023"]
[White "Erzhanov, Arman"]
[Black "Rose, Felix"]
[WhiteFideId "4138821"]
[BlackFideId "5105722"]
[WhiteElo "2228"]
[BlackElo "2091"]
[Result "1-0"]
[Round "06"]
[TimeControl "180+2"]
[Date "2023.01.31"]
[WhiteClock "0:00:54"]
[BlackClock "0:00:14"]

1. e4 e5 2. Nf3 Nc6 3. Bb5 a6 4. Bxc6 dxc6 5. O-O Qf6 6. d3 Ne7 7. Nbd2 Ng6 8. Nc4 Bg4 9. h3 Bxf3 10. Qxf3 Qxf3 11. gxf3 O-O-O 12. Kh2 Be7 13. Rg1 Rd7 14. Be3 Rhd8 15. a4 b6 16. Rg4 h5 17. Rgg1 Kb7 18. Kg3 Bh4+ 19. Kh2 Bf6 20. Bd2 Kc8 21. Bg5 b5 22. Na5 Rd6 23. Be3 Re6 24. Ra3 Be7 25. Raa1 Rf6 26. Rg3 h4 27. Rg4 Rxf3 28. Nxc6 Rd7 29. axb5 axb5 30. Ra5 Rd6 31. Na7+ Kd7 32. Nxb5 Rb6 33. Bxb6 cxb6 34. Ra7+ Ke6 35. Kg2 Rf6 36. Nc7+ Kd7 37. Nd5+ Ke6 38. Kf1 Bc5 39. b4 Bd4 40. Nxf6 gxf6 41. Rb7 f5 42. exf5+ Kxf5 43. Rxf7+ Ke6 44. Rb7 Nf4 45. Rxh4 Bc3 46. Rxb6+ Kf5 47. Rxf4+ Kxf4 48. Kg2 e4 49. dxe4 Kxe4 50. h4 Bxb4 51. Rxb4+ 1-0


[Site "https://www.chess.com"]

[Event "Titled Tuesday Blitz January 31 Early 2023"]
[White "Vagman, Roy"]
[Black "Lobachev, Yury"]
[WhiteFideId "2828995"]
[BlackFideId "24138177"]
[WhiteElo "2273"]
[BlackElo "2345"]
[Result "1-0"]
[Round "06"]
[TimeControl "180+2"]
[Date "2023.01.31"]
[WhiteClock "0:02:21"]
[BlackClock "0:02:43"]

1. e4 c5 2. Nf3 e6 3. d4 cxd4 4. c3 dxc3 5. Nxc3 a6 6. Bc4 b5 7. Bb3 Nc6 8. O-O Na5 9. Re1 Nxb3 10. Qxb3 Bb7 11. Bf4 Nf6 12. Rad1 Be7 13. h3 O-O 14. a3 d5 15. e5 Ne4 16. Nxe4 1-0


[Site "https://www.chess.com"]

[Event "Titled Tuesday Blitz January 31 Early 2023"]
[White "Zacurdajev, Dmitry"]
[Black "Mione, Dario"]
[WhiteFideId "4196309"]
[BlackFideId "806625"]
[WhiteElo "2273"]
[BlackElo "2228"]
[Result "0-1"]
[Round "06"]
[TimeControl "180+2"]
[Date "2023.01.31"]
[WhiteClock "0:02:09"]
[BlackClock "0:02:14"]

1. d4 d5 2. c4 e5 3. dxe5 d4 4. Nf3 Nc6 5. a3 Be6 6. e3 dxe3 7. Bxe3 Qxd1+ 8. Kxd1 O-O-O+ 9. Kc1 Nge7 10. Bg5 h6 11. Bxe7 Bxe7 12. Be2 Bc5 13. Rf1 Nd4 14. Nxd4 Bxd4 15. Nd2 Bxe5 16. f4 Bxb2+ 17. Kc2 Bxa1 18. Rxa1 Bf5+ 19. Kc3 Rhe8 0-1


[Site "https://www.chess.com"]

[Event "Titled Tuesday Blitz January 31 Early 2023"]
[White "Khamdamova, Afruza"]
[Black "Torres Dominguez, David"]
[WhiteFideId "14210444"]
[BlackFideId "2220857"]
[WhiteElo "2162"]
[BlackElo "1994"]
[Result "0-1"]
[Round "06"]
[TimeControl "180+2"]
[Date "2023.01.31"]
[WhiteClock "0:00:05"]
[BlackClock "0:00:03"]

1. e4 Nc6 2. d4 e5 3. d5 Nce7 4. Nf3 Ng6 5. Nc3 Bb4 6. Bd3 d6 7. O-O N8e7 8. Ne2 O-O 9. a4 a5 10. Be3 f5 11. exf5 Bxf5 12. Ng3 Bg4 13. Be2 Nf4 14. Bxf4 Rxf4 15. Ng5 Bd7 16. Nh5 Rf8 17. Bg4 Nf5 18. Ne6 Bxe6 19. dxe6 Qg5 20. Ng3 Ne7 21. Ne4 Qg6 22. Ng3 Bc5 23. b3 Rf4 24. Be2 Raf8 25. Bd3 Rxf2 26. Rxf2 Rxf2 27. Bxg6 Rd2+ 28. Kh1 Rxd1+ 29. Rxd1 Nxg6 30. Ne4 Bb6 31. Rf1 d5 32. Ng3 Bc5 33. Nf5 Kf8 34. h4 Ke8 35. Nxg7+ Ke7 36. h5 Nf4 37. Nf5+ Kxe6 38. Ng7+ Kf7 39. g3 Kxg7 40. gxf4 exf4 41. Rxf4 Bd6 42. Rf5 c6 43. Kg2 h6 44. Kf3 Bc5 45. Ke2 Bd6 46. Kd3 Bc5 47. Rf1 Bb6 48. c3 Bc7 49. b4 axb4 50. cxb4 Bd6 51. Kc3 Bc7 52. a5 Bd6 53. Ra1 Kf6 54. Ra2 Ke6 55. a6 bxa6 56. Rxa6 Kd7 57. Ra7+ Ke6 58. Rh7 Bf4 59. Kd4 Kd6 60. Rh8 Bg5 61. Ra8 Kc7 62. Ra7+ Kb6 63. Ra8 Kb7 64. Rg8 Bf6+ 65. Kc5 Bc3 66. b5 cxb5 67. Kxb5 d4 68. Kc4 Bd2 69. Kxd4 Bf4 70. Ke4 Bc1 71. Kf5 Kc7 72. Kg6 Kd7 73. Rh8 Ke7 74. Rg8 Bg5 75. Rg7+ Kf8 76. Rb7 Bd2 0-1


[Site "https://www.chess.com"]

[Event "Titled Tuesday Blitz January 31 Early 2023"]
[White "Lesbekova, Assel"]
[Black "Bambino Filho, Antonio Carlos"]
[WhiteFideId "13713248"]
[BlackFideId "2113163"]
[WhiteElo "1772"]
[BlackElo "2144"]
[Result "1-0"]
[Round "06"]
[TimeControl "180+2"]
[Date "2023.01.31"]
[WhiteClock "0:01:21"]
[BlackClock "0:00:16"]

1. e4 c5 2. Nc3 Nc6 3. Nge2 e6 4. d4 cxd4 5. Nxd4 Qc7 6. g3 a6 7. Bg2 Nf6 8. O-O d6 9. Kh1 Bd7 10. f4 Be7 11. Nb3 O-O 12. a4 Rac8 13. Be3 b6 14. g4 Na5 15. Nxa5 bxa5 16. g5 Ne8 17. f5 g6 18. f6 Bd8 19. Rf4 Bc6 20. Qf3 Qb7 21. Qh3 Bc7 22. Rh4 h5 23. Bf3 Qxb2 24. Rb1 Qxc3 25. Bxh5 gxh5 26. Rxh5 Bxe4+ 27. Kg1 Qxe3+ 28. Qxe3 Bg6 29. Rh6 Nxf6 30. gxf6 Bd8 31. Rh8+ 1-0


[Site "https://www.chess.com"]

[Event "Titled Tuesday Blitz January 31 Early 2023"]
[White "Gottstein, Claudius-Thomas"]
[Black "Matt, Fabian"]
[WhiteFideId "4653327"]
[BlackFideId "1623303"]
[WhiteElo "2113"]
[BlackElo "2308"]
[Result "1/2-1/2"]
[Round "06"]
[TimeControl "180+2"]
[Date "2023.01.31"]
[WhiteClock "0:00:13"]
[BlackClock "0:00:04"]

1. Nf3 Nf6 2. e3 d5 3. c4 e6 4. Nc3 a6 5. b3 c5 6. cxd5 exd5 7. d4 cxd4 8. Nxd4 Bb4 9. Bd2 Nc6 10. Nce2 Bxd2+ 11. Qxd2 Ne4 12. Qc2 Qa5+ 13. Kd1 Nxf2+ 14. Kc1 Qa3+ 15. Kb1 Nb4 16. Qd2 Nxh1 17. Nf4 O-O 18. Nd3 a5 19. Nb5 Nxd3 20. Nxa3 Nb4 21. Kb2 Bf5 22. Bb5 Rac8 23. Rxh1 Rc5 24. Rc1 Rfc8 25. Rxc5 Rxc5 26. Be2 h6 27. Qd4 b6 28. g4 Bg6 29. h3 Kh7 30. h4 Be4 31. g5 hxg5 32. hxg5 Kg6 33. Qe5 Rc6 34. Qd4 Kh7 35. Qe5 Kg6 36. Bb5 Rc5 37. Be2 f6 38. gxf6 gxf6 39. Qg3+ Kf7 40. Bh5+ Ke6 41. Bg4+ Ke7 42. Be2 Kd7 43. Qg7+ Kc6 44. Qxf6+ Kb7 45. Qe7+ Rc7 46. Qd6 Rc6 47. Qd7+ Rc7 48. Qd6 Rc6 49. Qd7+ Rc7 50. Qd6 1/2-1/2


[Site "https://www.chess.com"]

[Event "Titled Tuesday Blitz January 31 Early 2023"]
[White "Tuleyeva-Aketayeva, Dana"]
[Black "Myshakov, Fyodor"]
[WhiteFideId "13701932"]
[BlackFideId "14111284"]
[WhiteElo "2130"]
[BlackElo "2292"]
[Result "0-1"]
[Round "06"]
[TimeControl "180+2"]
[Date "2023.01.31"]
[WhiteClock "0:00:01"]
[BlackClock "0:00:32"]

1. d4 d5 2. Nf3 Nf6 3. g3 Bg4 4. Bg2 Bxf3 5. Bxf3 e6 6. O-O Bd6 7. c4 c6 8. Nc3 O-O 9. e4 dxe4 10. Nxe4 Nxe4 11. Bxe4 Nd7 12. Be3 Nf6 13. Bg2 Qc7 14. Rc1 Rad8 15. Qb3 b6 16. Bg5 Be7 17. Bxf6 Bxf6 18. d5 exd5 19. cxd5 c5 20. Rcd1 Bd4 21. Qc2 Rfe8 22. Be4 Qe5 23. Bxh7+ Kh8 24. Bd3 Qxd5 25. Bc4 Qf3 26. Rd3 Qf6 27. Qd1 Bxb2 28. Qh5+ Qh6 29. Qxf7 Rf8 30. Rxd8 Rxd8 31. Qxa7 Bd4 32. Kg2 Qc6+ 33. Kg1 Rf8 34. Qe7 Qf6 35. Qe2 g6 36. Kg2 Qc6+ 37. Kg1 Qf3 38. Qxf3 Rxf3 39. Kg2 Rc3 40. Bf7 Kg7 41. Be6 Rc2 42. h4 c4 43. Kf3 c3 44. Bb3 Rd2 45. Rd1 Rxf2+ 46. Ke4 Bc5 47. Rd7+ Kf8 48. Rd8+ Ke7 49. Rd1 b5 0-1


[Site "https://www.chess.com"]

[Event "Titled Tuesday Blitz January 31 Early 2023"]
[White "Wahedi, Ahmad Siar"]
[Black "Oro, Faustino"]
[WhiteFideId "4651260"]
[BlackFideId "20000197"]
[WhiteElo "2274"]
[BlackElo "2269"]
[Result "1-0"]
[Round "06"]
[TimeControl "180+2"]
[Date "2023.01.31"]
[WhiteClock "0:00:15"]
[BlackClock "0:00:08"]

1. e4 c5 2. Nf3 d6 3. d4 cxd4 4. Nxd4 Nf6 5. Nc3 a6 6. Be3 e5 7. Nb3 Be6 8. f3 Be7 9. Qd2 O-O 10. g4 Nbd7 11. O-O-O b5 12. g5 Ne8 13. h4 Rc8 14. Kb1 Nb6 15. h5 Nc4 16. Bxc4 Bxc4 17. g6 Nf6 18. Rdg1 b4 19. Qg2 fxg6 20. hxg6 h6 21. Bxh6 gxh6 22. g7 Kf7 23. Qg6+ Ke6 24. Qf5+ Kf7 25. gxf8=Q+ Bxf8 26. Nd5 Bxd5 27. exd5 Qd7 28. Qg6+ Ke7 29. f4 e4 30. Re1 Qe8 31. Rxe4+ Nxe4 32. Qxe4+ Kd8 33. Qxb4 Qd7 34. Re1 Be7 35. Nd4 Ke8 36. Ne6 Kf7 37. Qe4 Rh8 38. Qf5+ Ke8 39. Qg6# 1-0


[Site "https://www.chess.com"]